 Dungeon Crawl Stone Soup version 0.20-a0-1124-g2e29d97 (webtiles) character file.

99 Ijustatesigmund the Conjurer (level 4, 0/38 HPs)
             Began as a Draconian Conjurer on May 16, 2017.
             Slain by an ice beast (10 damage)
             ... on level 3 of the Dungeon.
             The game lasted 00:06:49 (2318 turns).

Ijustatesigmund the Conjurer (Draconian Conjurer)   Turns: 2318, Time: 00:06:51

Health: 0/38       AC:  6    Str: 10    XL:     4   Next: 45%
Magic:  4/9        EV: 12    Int: 18    God:
Gold:   59         SH:  0    Dex: 12    Spells: 3/9 levels left

rFire    . . .     SeeInvis .   k - +1 whip (elec)
rCold    . . .     Gourm    .   (no shield)
rNeg     . . .     Faith    .   (armour unavailable)
rPois    .         Spirit   .   (helmet restricted)
rElec    .         Reflect  .   m - +0 cloak
rCorr    .         Harm     .   (no gloves)
MR       .....                  (no boots)
Stlth    ++........             (no amulet)
Regen    0.2/turn               (no ring)
MPRegen  0.2/turn               (no ring)

@: slowed, very slow
A: unfitting armour, stinger 1, clever 1, cold-blooded, AC +5
a: no special abilities


You were on level 3 of the Dungeon.
You were not hungry.

You visited 1 branch of the dungeon, and saw 3 of its levels.

You collected 59 gold pieces.

Inventory:

Hand Weapons
 k - a +1 whip of electrocution (weapon)
Armour
 m - a +0 cloak (worn)
Scrolls
 i - 2 scrolls of identify
 j - 2 scrolls of blinking
Potions
 c - a potion of brilliance
 g - a potion of heal wounds
 h - 4 potions of curing
 n - a potion of resistance
 o - a potion of invisibility
Books
 a - a book of Conjurations

   Spells                             Type                      Level
   a - Magic Dart                     Conjuration                  1
   b - Searing Ray                    Conjuration                  2
   c - Dazzling Spray                 Conjuration/Hexes            3
   d - Fulminant Prism                Conjuration/Hexes            4
   e - Force Lance                    Conjuration/Translocation    4
   f - Iskenderun's Mystic Blast      Conjuration                  4
Comestibles
 b - a bread ration
 d - 2 royal jellies
 f - 4 fruits


   Skills:
 + Level 3.0 Fighting
 - Level 1.7 Dodging
 - Level 1.7 Stealth
 + Level 3.4 Spellcasting
 - Level 4.0 Conjurations


You had 3 spell levels left.
You knew the following spells:

 Your Spells              Type           Power        Failure   Level  Hunger
a - Magic Dart            Conj           ###.         3%          1    None
b - Searing Ray           Conj           ###...       4%          2    ##.....
c - Dazzling Spray        Conj/Hex       ##....       21%         3    ###....


Dungeon Overview and Level Annotations

Branches:
Dungeon (3/15)

Altars:


Innate Abilities, Weirdness & Mutations

Your plain brown scales are hard. (AC +5)
You cannot fit into any form of body armour.
You are cold-blooded and may be slowed by cold attacks.
Your tail ends in a poisonous barb.
Your mind is acute. (Int +2)


Message History

The ice beast is moderately wounded.
You finish channeling your searing ray.
The ice beast closely misses you.
You closely miss the ice beast.
The ice beast is moderately wounded.
The ice beast hits you but does no damage. x2
You hit the ice beast.
You tail-slap the ice beast, but do no damage.
The ice beast is moderately wounded.
The ice beast hits you. The ice beast freezes you!
You feel yourself slow down.
You barely miss the ice beast.
The ice beast is moderately wounded.
The ice beast hits you. The ice beast freezes you!
You feel as though you will be slow longer.
You barely miss the ice beast.
The ice beast is moderately wounded.
The ice beast hits you.
* * * LOW HITPOINT WARNING * * *
The ice beast freezes you!
You feel as though you will be slow longer.
You die...

.....# #.## .
.....####..##.....#
.....##....##.....#
.....++.....+.....#
.....##.....#.....#
†...<#............#
##.#.#.###.#......#
# #...# #.#..###.#
##### #......@.#
...........##Y#
#########..# .#
.<#.# .# (....# .#
#####.. .# ...#.#
#....(


You could see an ice beast.

Vanquished Creatures
  4 adders (D:2)
  2 oozes
  A dart slug (D:1)
  2 ball pythons (D:2)
  2 giant cockroaches (D:1)
  7 goblins
  8 hobgoblins
  9 kobolds
  2 quokkas
  6 bats
  A frilled lizard (D:1)
  7 rats
51 creatures vanquished.

Notes
Turn   | Place    | Note
-------+----------+-------------------------------------------
     0 | D:1      | Ijustatesigmund the Draconian Conjurer began the quest for the Orb.
     0 | D:1      | Reached XP level 1. HP: 14/14 MP: 3/3
   285 | D:1      | Reached XP level 2. HP: 22/22 MP: 1/5
   447 | D:1      | Reached skill level 1 in Fighting
   501 | D:1      | Learned a level 2 spell: Searing Ray
  1044 | D:1      | Reached XP level 3. HP: 29/29 MP: 0/7
  1753 | D:2      | Reached XP level 4. HP: 37/37 MP: 5/8
  1783 | D:2      | Learned a level 3 spell: Dazzling Spray
  2210 | D:2      | Gained mutation: Your mind is acute. (Int +2) [potion of mutation]
  2210 | D:2      | Gained mutation: Your tail ends in a poisonous barb. [potion of mutation]
  2310 | D:3      | Noticed an ice beast
  2318 | D:3      | Slain by an ice beast

Vault maps used:
D:1:      lemuel_arrival_tunnels, minmay_pentomino_r2

Skill      XL: |  1  2  3  4 |
---------------+-------------+-----
Fighting       | 1 2 3 |  3.0
Spellcasting   | 3 |  3.4
Dodging        | |  1.7
Stealth        | |  1.7
Conjurations   | |  4.0

Action                   |  1- 3 |  4- 6 || total
-------------------------+-------+-------++-------
Melee: Unarmed           |     3 |       ||     3
       Spear             |     8 |       ||     8
       Tailslap          |     1 |     2 ||     3
       Whip              |     6 |    26 ||    32
 Cast: Magic Dart        |    70 |    25 ||    95
       Searing Ray       |       |     2 ||     2
  Use: Scroll            |     1 |     8 ||     9
       Potion            |       |     1 ||     1
 Stab: Sleeping          |     1 |     1 ||     2
  Eat: Chunk             |     3 |     2 ||     5
Armor: Skin              |    11 |    15 ||    26
Dodge: Dodged            |    18 |    23 ||    41
